[Event "Titled Tuesday Blitz February 28 Early 2023"]
[White "Berkes, Ferenc"]
[Black "Milikow, Yoav"]
[WhiteFideId "718572"]
[BlackFideId "2822237"]
[WhiteElo "2664"]
[BlackElo "2410"]
[Result "0-1"]
[Round "05"]
[TimeControl "180+2"]
[Date "2023.02.28"]
[WhiteClock "0:00:02"]
[BlackClock "0:00:03"]

1. e4 e5 2. Nf3 Nf6 3. Nxe5 d6 4. Nf3 Nxe4 5. Nc3 Nxc3 6. dxc3 Be7 7. Be3 O-O 8. Qd2 Nd7 9. O-O-O Nf6 10. Bd3 d5 11. h4 Re8 12. h5 c5 13. Kb1 Bg4 14. Rde1 c4 15. Be2 Ne4 16. Qd1 b5 17. Nd4 Bd7 18. f3 Ng3 19. Rhg1 a5 20. Bf2 Nxe2 21. Rxe2 Bf8 22. Rge1 Rxe2 23. Qxe2 b4 24. h6 bxc3 25. hxg7 Bxg7 26. bxc3 Qb6+ 27. Kc1 Re8 28. Qxe8+ Bxe8 29. Rxe8+ Bf8 30. Be3 Qg6 31. g4 f5 32. Re6 Qf7 33. gxf5 Qh5 34. Rc6 Ba3+ 35. Kd2 Qh2+ 36. Ne2 Qe5 37. Nd4 Qh2+ 38. Ne2 Kf7 39. Bf4 Qf2 40. Rc7+ Kf6 41. Rc6+ Kxf5 42. Be3 Qh2 43. Bd4 Bd6 44. Ke3 Ke6 45. Bc5 Qe5+ 46. Kd2 Qg5+ 47. f4 Qg2 48. Rxd6+ Kf5 49. Rd8 h5 50. Rf8+ Ke4 51. Re8+ Kf5 52. Re5+ Kf6 53. Rxh5 a4 54. Bd4+ Kf7 55. Rh7+ Ke8 56. Rg7 Qh1 57. f5 Kf8 58. f6 Ke8 59. f7+ Kf8 60. Rg3 Qh6+ 61. Be3 Qd6 62. Rf3 a3 63. Nd4 Qf6 64. Rf5 Qd6 65. Ke2 Qh2+ 66. Bf2 Qd6 67. Bg3 Qg6 0-1


[Site "https://www.chess.com"]

[Event "Titled Tuesday Blitz February 28 Early 2023"]
[White "Real_OceanStorm"]
[Black "Degenbaev, Aziz"]
[BlackFideId "13802640"]
[WhiteElo "2760"]
[BlackElo "2152"]
[Result "1-0"]
[Round "05"]
[TimeControl "180+2"]
[Date "2023.02.28"]
[WhiteClock "0:01:29"]
[BlackClock "0:00:56"]

1. Nf3 Nf6 2. d4 g6 3. c4 Bg7 4. Nc3 O-O 5. e4 d6 6. Be2 e5 7. dxe5 dxe5 8. O-O Nc6 9. h3 h6 10. Be3 Be6 11. Qc1 Kh7 12. Rd1 Qc8 13. b4 Re8 14. b5 Na5 15. Nxe5 Nxe4 16. Nxe4 Bxe5 17. Bd4 Bf5 18. Bxe5 Rxe5 19. Nf6+ Kg7 20. Ng4 Rxe2 21. Qxh6+ 1-0


[Site "https://www.chess.com"]

[Event "Titled Tuesday Blitz February 28 Early 2023"]
[White "Manukyan, Sargis V."]
[Black "Samunenkov, Ihor"]
[WhiteFideId "13303465"]
[BlackFideId "14187086"]
[WhiteElo "2236"]
[BlackElo "2457"]
[Result "1-0"]
[Round "05"]
[TimeControl "180+2"]
[Date "2023.02.28"]
[WhiteClock "0:01:22"]
[BlackClock "0:00:30"]

1. Nf3 d5 2. c4 c6 3. e3 Nf6 4. d4 e6 5. b3 c5 6. Bb2 cxd4 7. Nxd4 Bb4+ 8. Bc3 Be7 9. Nd2 O-O 10. Bd3 Nc6 11. O-O Nxd4 12. Bxd4 b6 13. Qf3 Bb7 14. Qh3 g6 15. Rfd1 Qe8 16. Nf3 h5 17. Ng5 Ng4 18. Qxh5 1-0


[Site "https://www.chess.com"]

[Event "Titled Tuesday Blitz February 28 Early 2023"]
[White "Hambleton, Aman"]
[Black "Krstulovic, Alex"]
[WhiteFideId "2606577"]
[BlackFideId "760056"]
[WhiteElo "2511"]
[BlackElo "2311"]
[Result "0-1"]
[Round "05"]
[TimeControl "180+2"]
[Date "2023.02.28"]
[WhiteClock "0:00:01"]
[BlackClock "0:00:42"]

1. d4 Nf6 2. Bf4 d5 3. e3 c5 4. c3 Nc6 5. Nd2 cxd4 6. exd4 Bf5 7. Qb3 Qc8 8. Ngf3 e6 9. Be2 Be7 10. h3 h6 11. O-O O-O 12. Rfe1 a6 13. a4 Bd8 14. Ne5 Nxe5 15. Bxe5 Nd7 16. Bd6 Re8 17. a5 Qc6 18. Bg3 Bc7 19. Bxc7 Qxc7 20. Nf1 Nb8 21. Ne3 Bg6 22. Qa3 Nc6 23. Qc5 Rac8 24. Bf1 Be4 25. Be2 Qf4 26. Qb6 Re7 27. Bf1 Rec7 28. Qb3 h5 29. g3 Qf6 30. h4 g6 31. Bg2 Bxg2 32. Kxg2 Ne7 33. Re2 Kg7 34. Rae1 Nf5 35. Nxf5+ gxf5 36. Re5 Rg8 37. Qd1 Qg6 38. Qf3 Rc6 39. Qf4 Kh7 40. f3 Qf6 41. Kf2 Rg6 42. R5e2 Rc8 43. Qe5 Qd8 44. b4 Rxc3 45. Re3 Rc2+ 46. R3e2 Rc4 47. b5 axb5 48. Rb1 b4 49. Ra2 Qc8 50. Re2 Qa8 51. Ra1 Qa7 52. Rd2 b3 53. Rb1 Qxa5 54. Qe3 Qc3 55. Rxb3 Qxe3+ 56. Rxe3 b5 57. Rb3 b4 58. f4 Rg8 59. Rdb2 Rxd4 60. Rxb4 Rxb4 61. Rxb4 Kg6 62. Rb3 Rc8 63. Ke3 Kf6 64. Kd4 Rc4+ 65. Kd3 Ra4 66. Rc3 Ra1 67. Kd4 Rg1 68. Rd3 Ke7 69. Kc5 Kd7 70. Ra3 Rc1+ 71. Kd4 Kd6 72. Ra6+ Rc6 73. Ra4 Rc4+ 74. Rxc4 dxc4 75. Kxc4 f6 76. Kd4 e5+ 77. Kc4 e4 78. Kd4 Kc6 79. Kc4 Kc7 80. Kc3 Kd7 81. Kb3 Ke6 0-1


[Site "https://www.chess.com"]

[Event "Titled Tuesday Blitz February 28 Early 2023"]
[White "Goltseva, Ekaterina"]
[Black "Cherniaiev, Tykhon"]
[WhiteFideId "24173770"]
[BlackFideId "14182360"]
[WhiteElo "2200"]
[BlackElo "2450"]
[Result "0-1"]
[Round "05"]
[TimeControl "180+2"]
[Date "2023.02.28"]
[WhiteClock "0:00:17"]
[BlackClock "0:00:52"]

1. Nf3 Nf6 2. c4 e6 3. Nc3 d5 4. d4 Be7 5. Bg5 O-O 6. e3 c5 7. dxc5 Bxc5 8. Be2 Nc6 9. O-O h6 10. Bxf6 Qxf6 11. cxd5 exd5 12. Qxd5 Bb4 13. Ne4 Qxb2 14. Bb5 Be6 15. Qh5 Be7 16. a4 a6 17. Bd3 Qb3 18. Rfd1 Rad8 19. Ne1 Rd5 20. Qe2 Rfd8 21. Bc2 Qb6 22. Rab1 Qc7 23. Rxd5 Bxd5 24. Nf3 Nb4 25. Rc1 Bxe4 26. Rd1 Bxc2 27. Rxd8+ Qxd8 28. Nd4 Bg6 29. Qc4 Nc6 30. Nb3 Qd1+ 31. Qf1 Qxb3 32. h4 Qb1 33. h5 Qxf1+ 34. Kxf1 Bxh5 0-1


[Site "https://www.chess.com"]

[Event "Titled Tuesday Blitz February 28 Early 2023"]
[White "EREBUNI91"]
[Black "Bochnicka, Vladimir"]
[BlackFideId "14943450"]
[WhiteElo "2729"]
[BlackElo "2094"]
[Result "1-0"]
[Round "05"]
[TimeControl "180+2"]
[Date "2023.02.28"]
[WhiteClock "0:00:10"]
[BlackClock "0:00:08"]

1. e4 c5 2. Nc3 Nc6 3. Bb5 e6 4. Bxc6 bxc6 5. Nge2 Ne7 6. d3 Ng6 7. O-O d5 8. f4 Bd6 9. f5 Ne5 10. Ng3 O-O 11. f6 gxf6 12. Bh6 Re8 13. Nh5 Be7 14. Qe1 Ng6 15. Qg3 f5 16. exf5 exf5 17. Rae1 Be6 18. Qf3 Bg5 19. Bxg5 Qxg5 20. Na4 Kh8 21. Nxc5 Nh4 22. Qe2 Nxg2 23. Qe5+ f6 24. Qxf6+ Qxf6 25. Nxf6 Nxe1 26. Rxe1 Bf7 27. Nxe8 Rxe8 28. Rxe8+ Bxe8 29. Kf2 Kg7 30. Ke3 Kf6 31. Kf4 Bh5 32. d4 Bd1 33. c3 Bc2 34. Nd7+ Ke7 35. Ne5 Kd6 36. b4 Be4 37. a3 Bc2 38. Kg5 Ke6 39. Nxc6 h6+ 40. Kf4 Kd6 41. Ne5 a6 42. Nf7+ Kc6 43. Nxh6 Kb5 44. Nxf5 Ka4 45. h4 Bd1 46. Ne3 Bh5 47. Nxd5 Kxa3 48. Nc7 Kb3 49. d5 Kxc3 50. d6 Kxb4 51. d7 1-0


[Site "https://www.chess.com"]

[Event "Titled Tuesday Blitz February 28 Early 2023"]
[White "Avazkhonov, Alikhon"]
[Black "Costachi, Mihnea"]
[WhiteFideId "14208504"]
[BlackFideId "1217518"]
[WhiteElo "1739"]
[BlackElo "2456"]
[Result "0-1"]
[Round "05"]
[TimeControl "180+2"]
[Date "2023.02.28"]
[WhiteClock "0:00:01"]
[BlackClock "0:01:06"]

1. d4 Nf6 2. c4 g6 3. Nc3 Bg7 4. e4 O-O 5. f3 d6 6. Be3 c5 7. Nge2 Nc6 8. d5 Ne5 9. Ng3 e6 10. Be2 exd5 11. cxd5 b5 12. Nxb5 Rb8 13. Qd2 a6 14. Nc3 h5 15. O-O h4 16. Nh1 h3 17. g4 Qb6 18. b4 Nfd7 19. bxc5 Nxc5 20. Na4 Qc7 21. Nxc5 dxc5 22. Rac1 c4 23. Nf2 Rb2 24. Rc2 c3 25. Qc1 Rb4 26. f4 Nc4 27. e5 Nxe3 28. Qxe3 g5 29. Rxc3 gxf4 30. Rxc7 fxe3 31. Nd3 Rd4 32. d6 Bxg4 33. Bxg4 Rxg4+ 34. Kh1 Rd4 35. Nc5 e2 36. Rg1 Rd1 37. Nd3 Rxd3 38. d7 Rd1 39. Rc1 Rxc1 40. Rxc1 Bxe5 41. Re1 Rd8 42. Rxe2 Rxd7 43. Re1 Rd2 0-1


[Site "https://www.chess.com"]

[Event "Titled Tuesday Blitz February 28 Early 2023"]
[White "Hasangatin, Ramil"]
[Black "Babazada, Khazar"]
[WhiteFideId "4122160"]
[BlackFideId "13413554"]
[WhiteElo "2310"]
[BlackElo "2359"]
[Result "0-1"]
[Round "05"]
[TimeControl "180+2"]
[Date "2023.02.28"]
[WhiteClock "0:00:05"]
[BlackClock "0:01:12"]

1. e4 Nf6 2. e5 Nd5 3. d4 d6 4. Nf3 Nb6 5. a4 a5 6. Bb5+ c6 7. Be2 g6 8. O-O Bg7 9. exd6 Qxd6 10. Nbd2 O-O 11. Ne4 Qc7 12. Bg5 Bf5 13. Ng3 Be6 14. Qc1 Na6 15. c3 c5 16. Bh6 cxd4 17. Bxg7 Kxg7 18. Nxd4 Nc5 19. Qg5 Kh8 20. Rfe1 f6 21. Qe3 Bf7 22. Nb5 Qe5 23. Qxe5 fxe5 24. Bf3 Nc4 25. Ne4 Nb3 26. Rad1 Rfd8 27. Ng5 Bg8 28. Bxb7 Rxd1 29. Rxd1 Rb8 30. Bd5 Rd8 31. Bf3 Rxd1+ 32. Bxd1 Nxb2 33. Bxb3 Bxb3 34. Na7 Bxa4 35. Nf7+ Kg7 36. Nxe5 Be8 37. c4 a4 0-1


[Site "https://www.chess.com"]

[Event "Titled Tuesday Blitz February 28 Early 2023"]
[White "Toktomushev, Teimur"]
[Black "Zhigalko, Sergei"]
[WhiteFideId "14176726"]
[BlackFideId "13502956"]
[WhiteElo "2106"]
[BlackElo "2626"]
[Result "0-1"]
[Round "05"]
[TimeControl "180+2"]
[Date "2023.02.28"]
[WhiteClock "0:00:01"]
[BlackClock "0:00:58"]

1. d4 Nf6 2. c4 e6 3. Nf3 b6 4. g3 Ba6 5. b3 Bb4+ 6. Bd2 Be7 7. Bg2 c6 8. O-O d5 9. Qc2 Nbd7 10. Bc3 dxc4 11. bxc4 Bxc4 12. Rd1 Qc7 13. e4 O-O 14. Nbd2 Ba6 15. Rac1 Rac8 16. Ba1 Rfd8 17. h4 h6 18. Nf1 Qb8 19. Ne3 Bb7 20. Qb1 Nf8 21. Ne5 Ba3 22. Rc3 Bd6 23. N3c4 c5 24. Nxd6 Qxd6 25. Rcc1 Qb8 26. dxc5 Rxd1+ 27. Rxd1 Rxc5 28. Nd3 Rc8 29. Bxf6 gxf6 30. Nf4 Qe5 31. Qb3 Bxe4 32. Re1 f5 33. Bxe4 fxe4 34. Qe3 Rc3 35. Qe2 Qf5 36. Rd1 e3 37. Rd8 exf2+ 38. Qxf2 Rc1+ 39. Kg2 Rc2 40. Ne2 Qe4+ 41. Kf1 Rxa2 42. Qe1 Qf3+ 43. Qf2 Ra1+ 0-1


[Site "https://www.chess.com"]

[Event "Titled Tuesday Blitz February 28 Early 2023"]
[White "Acor, Corey"]
[Black "Klose, Eli"]
[WhiteFideId "2024861"]
[BlackFideId "16242955"]
[WhiteElo "2341"]
[BlackElo "2616"]
[Result "1-0"]
[Round "05"]
[TimeControl "180+2"]
[Date "2023.02.28"]
[WhiteClock "0:00:14"]
[BlackClock "0:00:07"]

1. e4 e6 2. d3 c5 3. Nd2 Nc6 4. g3 g6 5. Bg2 Bg7 6. Ne2 Nge7 7. O-O O-O 8. f4 d6 9. Nf3 Rb8 10. c3 f5 11. Be3 b6 12. h3 Qd7 13. Qd2 Bb7 14. Rad1 Rbd8 15. g4 d5 16. e5 d4 17. Bf2 h6 18. cxd4 cxd4 19. Rc1 Nd5 20. Nfxd4 Nxd4 21. Bxd4 Rc8 22. Rxc8 Rxc8 23. Rc1 Bf8 24. Rxc8 Qxc8 25. Bf2 Bb4 26. Qd1 Bc5 27. d4 Be7 28. gxf5 gxf5 29. Kh2 Kh7 30. Bf3 Qe8 31. Nc3 Qd7 32. Nxd5 Bxd5 33. Bxd5 Qxd5 34. Qh5 Kg7 35. Qe8 Bf8 36. Bh4 Qf3 37. Bf6+ Kg8 38. Qg6+ Bg7 39. Qxg7# 1-0


[Site "https://www.chess.com"]

[Event "Titled Tuesday Blitz February 28 Early 2023"]
[White "Ambartsumova, Karina"]
[Black "Moroni, Luca Jr"]
[WhiteFideId "4166299"]
[BlackFideId "865834"]
[WhiteElo "2319"]
[BlackElo "2569"]
[Result "1-0"]
[Round "05"]
[TimeControl "180+2"]
[Date "2023.02.28"]
[WhiteClock "0:00:38"]
[BlackClock "0:00:58"]

1. e4 a6 2. d4 b5 3. Bd3 Bb7 4. Nf3 g6 5. O-O Bg7 6. c3 d6 7. a4 bxa4 8. Qxa4+ Nd7 9. Bg5 h6 10. Bh4 g5 11. Bg3 Nf6 12. e5 Ne4 13. e6 fxe6 14. Re1 Nxg3 15. Bg6+ Kf8 16. fxg3 Nf6 17. Rxe6 Qd7 18. Rxf6+ Bxf6 19. Qxd7 Kg7 20. Bh5 Rab8 21. Nbd2 Bc8 22. Qxc7 Rxb2 23. Re1 Rb7 24. Qc6 a5 25. Nc4 a4 26. Qxa4 Bd7 27. Qc2 Rh7 28. Qg6+ Kh8 29. Nxd6 1-0


[Site "https://www.chess.com"]

[Event "Titled Tuesday Blitz February 28 Early 2023"]
[White "Yuan, Qingyu"]
[Black "Sielecki, Christof"]
[WhiteFideId "8609772"]
[BlackFideId "4620437"]
[WhiteElo "2359"]
[BlackElo "2443"]
[Result "1-0"]
[Round "05"]
[TimeControl "180+2"]
[Date "2023.02.28"]
[WhiteClock "0:00:11"]
[BlackClock "0:00:16"]

1. e4 c5 2. Nf3 a6 3. c3 d5 4. exd5 Qxd5 5. d4 e6 6. Na3 Nf6 7. Nc4 Nbd7 8. a4 b6 9. Be2 Bb7 10. O-O cxd4 11. Qxd4 Qxd4 12. Nxd4 Rc8 13. Rd1 Nd5 14. Ne3 Nxe3 15. Bxe3 Be7 16. Nb3 Nc5 17. Nxc5 Bxc5 18. Bxc5 Rxc5 19. Rd6 Rc6 20. Rad1 O-O 21. Rd7 Bc8 22. Ra7 a5 23. Bb5 Rc5 24. Rd6 Rd5 25. Rxd5 exd5 26. Kf1 Rd8 27. Ra8 Kf8 28. Rb8 Ke7 29. Rxb6 Rd6 30. Rb8 Bf5 31. Ke2 d4 32. f3 dxc3 33. bxc3 Kf6 34. Ra8 g5 35. Rxa5 Ke5 36. Bd3+ Kf4 37. Rxf5# 1-0


[Site "https://www.chess.com"]

[Event "Titled Tuesday Blitz February 28 Early 2023"]
[White "Pinheiro, Iung Alicio de O."]
[Black "Sattarov, Bobir"]
[WhiteFideId "2104350"]
[BlackFideId "14203081"]
[WhiteElo "2283"]
[BlackElo "2351"]
[Result "0-1"]
[Round "05"]
[TimeControl "180+2"]
[Date "2023.02.28"]
[WhiteClock "0:00:02"]
[BlackClock "0:00:15"]

1. e4 e5 2. Bc4 Bc5 3. Qg4 Qf6 4. Qg3 Ne7 5. Nc3 Nbc6 6. Nf3 h6 7. d3 O-O 8. Be3 d6 9. Nd5 Nxd5 10. Bxd5 Nb4 11. Bb3 Be6 12. Bxc5 dxc5 13. a3 Bxb3 14. axb4 Bxc2 15. Nxe5 Rfe8 16. f4 cxb4 17. O-O b3 18. Kh1 a5 19. Ng4 Qd6 20. Rf3 Kh7 21. Raf1 Qg6 22. f5 Qg5 23. h4 Qh5 24. Rf4 f6 25. Ne3 c6 26. Rg4 Re7 27. e5 Rf8 28. Rg6 fxe5 29. Rg4 Bxd3 30. Rf2 Bxf5 0-1


[Site "https://www.chess.com"]

[Event "Titled Tuesday Blitz February 28 Early 2023"]
[White "polandchessplayer"]
[Black "Aldokhin, Ivan"]
[BlackFideId "24115720"]
[WhiteElo "2764"]
[BlackElo "2322"]
[Result "0-1"]
[Round "05"]
[TimeControl "180+2"]
[Date "2023.02.28"]
[WhiteClock "0:00:52"]
[BlackClock "0:01:09"]

1. d4 Nf6 2. c4 g6 3. Nc3 Bg7 4. e4 d6 5. h3 O-O 6. Be3 Nc6 7. g4 Re8 8. g5 Nd7 9. h4 e5 10. d5 Nd4 11. Nf3 Nc5 12. Be2 Nxe2 13. Qxe2 Bg4 14. Bxc5 dxc5 15. Qe3 Rf8 16. Nh2 Bh5 17. Nf1 f5 18. exf5 gxf5 19. Qxc5 e4 20. Rg1 f4 21. Nxe4 Qe8 22. Nd2 Bf3 0-1


[Site "https://www.chess.com"]

[Event "Titled Tuesday Blitz February 28 Early 2023"]
[White "Karttunen, Mika"]
[Black "Fernandez Guillen, Ernesto J."]
[WhiteFideId "502081"]
[BlackFideId "3512428"]
[WhiteElo "2396"]
[BlackElo "2423"]
[Result "0-1"]
[Round "05"]
[TimeControl "180+2"]
[Date "2023.02.28"]
[WhiteClock "0:00:04"]
[BlackClock "0:01:23"]

1. e4 e5 2. Nf3 Nc6 3. Bb5 f5 4. d3 fxe4 5. dxe4 Nf6 6. O-O Bc5 7. Bc4 d6 8. a3 Bg4 9. h3 Bh5 10. c3 Qd7 11. b4 Bb6 12. Re1 Rf8 13. Be3 Bxe3 14. Rxe3 O-O-O 15. Nbd2 Kb8 16. Qb3 h6 17. Nh4 g5 18. Be6 Qh7 19. Nf5 Bg6 20. g4 h5 21. Ng3 hxg4 22. hxg4 Rh8 23. Kf1 d5 24. exd5 Bd3+ 25. Ke1 Ne7 26. c4 e4 27. Ndf1 Ng6 28. Kd2 Ne5 29. Bf5 Qf7 30. Rc1 Nexg4 31. Bxg4 Nxg4 32. Rxd3 Qxf2+ 33. Ne2 exd3 34. Qxd3 Rhe8 35. Ng3 Ne5 36. Qd4 Nf3+ 0-1


[Site "https://www.chess.com"]

[Event "Titled Tuesday Blitz February 28 Early 2023"]
[White "Mikhailovsky, Vladimir"]
[Black "benny_aizenberg"]
[WhiteFideId "34105414"]
[WhiteElo "2282"]
[BlackElo "2579"]
[Result "1-0"]
[Round "05"]
[TimeControl "180+2"]
[Date "2023.02.28"]
[WhiteClock "0:00:09"]
[BlackClock "0:00:03"]

1. d4 f5 2. Nc3 Nf6 3. Bg5 d5 4. Bxf6 exf6 5. e3 Be6 6. Bd3 Qd7 7. Qf3 Nc6 8. Nge2 O-O-O 9. Nf4 Bf7 10. O-O-O Ne7 11. h4 Kb8 12. h5 Nc8 13. Nce2 c6 14. Qh3 Nd6 15. Ng3 Ne4 16. Rhf1 Bd6 17. Nxf5 g5 18. Nxd6 Qxd6 19. Ne2 Be6 20. g4 Qe7 21. f3 Nd6 22. Qg3 Ka8 23. Nc3 f5 24. gxf5 Bxf5 25. e4 dxe4 26. fxe4 Nxe4 27. Nxe4 Bxe4 28. Rfe1 Rxd4 29. Qe3 Rhd8 30. Bxe4 c5 31. Rxd4 cxd4 32. Qf3 Re8 33. Bxb7+ 1-0


[Site "https://www.chess.com"]

[Event "Titled Tuesday Blitz February 28 Early 2023"]
[White "Golubka, Petro"]
[Black "Ingebretsen, Jens E"]
[WhiteFideId "14114224"]
[BlackFideId "1522965"]
[WhiteElo "2404"]
[BlackElo "2213"]
[Result "0-1"]
[Round "05"]
[TimeControl "180+2"]
[Date "2023.02.28"]
[WhiteClock "0:02:39"]
[BlackClock "0:01:08"]

1. e4 c5 2. b4 cxb4 3. a3 bxa3 4. Bxa3 d6 5. Nf3 Nf6 6. d3 Nc6 7. Nbd2 g6 8. Be2 Bg7 9. Bb2 O-O 10. Rb1 a5 11. O-O a4 12. Ba3 Nd7 13. Nc4 Na5 14. Nfd2 Nxc4 15. Nxc4 Ne5 16. Nxe5 Bxe5 17. d4 Bg7 18. Qd3 Qa5 19. Rb5 Qa7 20. c3 b6 21. Rb2 Ba6 22. Qxa6 Qxa6 23. Bxa6 Rxa6 24. Rfb1 Rc8 25. Bb4 b5 26. Kf1 f5 27. exf5 gxf5 28. Ke2 Rc4 29. f4 e5 30. fxe5 dxe5 31. Bc5 exd4 32. cxd4 Rxc5 33. dxc5 Bxb2 34. Rxb2 a3 35. Ra2 0-1


[Site "https://www.chess.com"]

[Event "Titled Tuesday Blitz February 28 Early 2023"]
[White "Aradhya, Garg"]
[Black "Borrmann, Laurenz"]
[WhiteFideId "25006746"]
[BlackFideId "312187930"]
[WhiteElo "2278"]
[BlackElo "2307"]
[Result "0-1"]
[Round "05"]
[TimeControl "180+2"]
[Date "2023.02.28"]
[WhiteClock "0:00:16"]
[BlackClock "0:00:08"]

1. d4 Nf6 2. c4 e6 3. Nf3 Bb4+ 4. Nbd2 O-O 5. a3 Be7 6. e4 d6 7. Be2 b6 8. O-O e5 9. dxe5 dxe5 10. Nxe5 Bb7 11. Qc2 Bd6 12. Nef3 Nbd7 13. b4 Re8 14. Bd3 Ne5 15. Nxe5 Bxe5 16. Rb1 Bf4 17. Rd1 Bxd2 18. Rxd2 Nxe4 19. Re2 Nf6 20. Bg5 h6 21. Rxe8+ Qxe8 22. Bxf6 gxf6 23. c5 Rd8 24. Rd1 Bc6 25. Qd2 Kg7 26. Qc1 Ba4 27. Re1 Qd7 28. Be4 Qd2 29. h3 bxc5 30. bxc5 Qxc1 31. Rxc1 Rd4 32. f3 Bd7 33. c6 Be6 34. Rc5 Ra4 35. Rc3 f5 36. Bc2 Ra5 37. Kf2 Kf6 38. Ke3 Ke5 39. f4+ Kd6 40. Bd1 Rd5 41. Bf3 Rb5 42. Rd3+ Ke7 43. g4 fxg4 44. hxg4 f6 45. a4 Rc5 46. f5 Bc8 47. Rd4 Rc3+ 48. Kf4 Rc5 49. Re4+ Kf7 50. Rb4 h5 51. Rb8 hxg4 52. Bxg4 Rc4+ 53. Kg3 Ba6 54. Ra8 Rc3+ 55. Kh4 Rxc6 56. Rxa7 Bd3 57. a5 Ke7 58. Kg3 Kd6 59. Bf3 Ra6 60. Rxa6+ Bxa6 61. Kf4 Kc5 62. Kg4 Kd4 63. Kh5 Ke5 64. Kg6 Bd3 65. Bg4 c5 66. Kf7 Ba6 67. Ke7 c4 68. Kd7 c3 69. Bd1 Kd5 70. Ke7 Ke5 71. Kd7 Bd3 72. Kc6 c2 73. Bxc2 Bxc2 74. a6 Kxf5 75. Kd5 Be4+ 76. Kd4 Ba8 77. Ke3 Kg4 78. Kf2 Kf4 79. Ke2 f5 80. Kf2 Kg4 81. Ke3 Kg3 82. Kd4 f4 83. Kc5 f3 84. Kb6 f2 85. Ka7 Bg2 86. Kb8 f1=Q 87. a7 Qf7 88. a8=Q Bxa8 89. Kxa8 Qd7 90. Kb8 Kf4 91. Ka8 Ke5 92. Kb8 Kd6 93. Ka8 Kc6 94. Kb8 Qb7# 0-1


[Site "https://www.chess.com"]

[Event "Titled Tuesday Blitz February 28 Early 2023"]
[White "Matinian, Nikita"]
[Black "Florescu, Codrut-Constantin"]
[WhiteFideId "24129100"]
[BlackFideId "1202200"]
[WhiteElo "2422"]
[BlackElo "2191"]
[Result "1-0"]
[Round "05"]
[TimeControl "180+2"]
[Date "2023.02.28"]
[WhiteClock "0:00:15"]
[BlackClock "0:00:09"]

1. e4 c5 2. Nf3 e6 3. d4 cxd4 4. Nxd4 a6 5. Nc3 d6 6. g4 b5 7. a3 Bb7 8. g5 Ne7 9. Be3 Nbc6 10. Nb3 Rc8 11. f4 Na5 12. Nxa5 Qxa5 13. Bg2 h6 14. gxh6 Rxh6 15. Qd2 Rh5 16. O-O Qc7 17. Rad1 Nc6 18. Rfe1 Be7 19. Bf2 Na5 20. Qe2 Rh6 21. f5 Nc4 22. Rd3 Nxb2 23. Rg3 Bf6 24. fxe6 fxe6 25. e5 Bxe5 26. Ne4 Qxc2 27. Qg4 Nd3 28. Nxd6+ Bxd6 29. Rxe6+ Rxe6 30. Qxe6+ Be7 31. Qg6+ Kf8 32. Qxg7+ Ke8 33. Qg6+ Kd8 34. Qxd3+ Qxd3 35. Rxd3+ Ke8 36. Bxb7 Rc2 37. Bxa6 Ra2 38. Bxb5+ Kf7 39. Bc4+ Kf6 40. Bxa2 Bd6 41. Rxd6+ Ke5 42. Rd2 1-0


[Site "https://www.chess.com"]

[Event "Titled Tuesday Blitz February 28 Early 2023"]
[White "Taboas Rodriguez, Daniel"]
[Black "Subelj, Jan"]
[WhiteFideId "2208466"]
[BlackFideId "14618583"]
[WhiteElo "2365"]
[BlackElo "2480"]
[Result "0-1"]
[Round "05"]
[TimeControl "180+2"]
[Date "2023.02.28"]
[WhiteClock "0:00:09"]
[BlackClock "0:01:16"]

1. d4 d5 2. c4 e6 3. Nc3 Bb4 4. a3 Bxc3+ 5. bxc3 c5 6. e3 dxc4 7. Bxc4 Qc7 8. Be2 b6 9. Bf3 Bb7 10. a4 Nd7 11. Bxb7 Qxb7 12. Nf3 Ne7 13. O-O O-O 14. a5 Rac8 15. Ba3 Rfd8 16. Qb3 Nc6 17. axb6 Qxb6 18. Rfb1 Qxb3 19. Rxb3 Rb8 20. Rxb8 Rxb8 21. Bxc5 Nxc5 22. dxc5 e5 23. g4 Rb5 24. c4 Rxc5 25. Nd2 f6 26. Ra4 Ra5 27. Rxa5 Nxa5 28. Kf1 Nc6 29. Ke2 Kf7 30. Kd3 Ke6 31. Nb3 Kd6 32. c5+ Kd5 33. e4+ Ke6 34. Kc4 a6 35. h4 g6 36. h5 gxh5 37. gxh5 h6 38. f3 Ke7 39. Kd5 Kd7 40. Kc4 Ke6 41. Nd2 Ne7 42. Kb4 Nc6+ 43. Kc4 Ke7 44. Kd5 Kd7 45. Nb3 Nb4+ 46. Kc4 Nc2 47. Kd3 Ne1+ 48. Ke2 Ng2 49. Na5 Nf4+ 50. Kf2 Nxh5 51. Nc4 Kc6 52. Nd6 Kxc5 53. Nf5 a5 54. Nxh6 a4 55. Nf5 a3 56. Ne3 a2 57. Nc2 Kc4 58. Ke3 Kc3 59. Na1 Kb2 60. Kd2 Kxa1 61. Kc2 Nf4 62. Kc1 Nd3+ 0-1


[Site "https://www.chess.com"]

[Event "Titled Tuesday Blitz February 28 Early 2023"]
[White "Kopczynski, Michal"]
[Black "Md, Imran"]
[WhiteFideId "1124200"]
[BlackFideId "25748580"]
[WhiteElo "2212"]
[BlackElo "2217"]
[Result "1-0"]
[Round "05"]
[TimeControl "180+2"]
[Date "2023.02.28"]
[WhiteClock "0:00:18"]
[BlackClock "0:00:18"]

1. e4 c5 2. d4 cxd4 3. c3 d5 4. exd5 Qxd5 5. cxd4 Nf6 6. Nf3 Bg4 7. Be2 Nc6 8. Nc3 Qa5 9. O-O e6 10. h3 Bh5 11. Be3 Bb4 12. Rc1 O-O 13. a3 Be7 14. Qb3 Rfc8 15. Rfd1 Qd8 16. Rd2 Na5 17. Qa4 a6 18. d5 Nxd5 19. Rcd1 b5 20. Qe4 Bg6 21. Qg4 Rxc3 22. bxc3 Qc7 23. Bd4 h5 24. Qg3 Qxg3 25. fxg3 Nb3 26. Rb2 Nxd4 27. cxd4 Bxa3 28. Ra2 b4 29. Rda1 Nc3 30. Rd2 Nxe2+ 31. Rxe2 Rc8 32. Ne5 a5 33. Nxg6 fxg6 34. Rxe6 b3 35. Rxa3 b2 36. Rb6 Rc1+ 37. Kf2 b1=Q 38. Rxb1 Rxb1 39. Rxa5 Rb2+ 40. Kf3 Rb3+ 41. Kf4 Kh7 42. d5 g5+ 43. Kxg5 Rxg3+ 44. Kxh5 Rxg2 45. d6 Rd2 46. Ra6 Rd5+ 47. Kg4 Kh6 48. Kf4 Rd1 49. Ke5 Kg6 50. Ke6 Re1+ 51. Kd7 Kf7 52. Ra2 Rf1 53. Kd8 Ke6 54. d7 Rf8+ 55. Kc7 Rf7 56. Re2+ 1-0


[Site "https://www.chess.com"]

[Event "Titled Tuesday Blitz February 28 Early 2023"]
[White "Averjanov, Alexey"]
[Black "Bilan, Danila"]
[WhiteFideId "14109867"]
[BlackFideId "24161918"]
[WhiteElo "2650"]
[BlackElo "2182"]
[Result "1-0"]
[Round "05"]
[TimeControl "180+2"]
[Date "2023.02.28"]
[WhiteClock "0:01:15"]
[BlackClock "0:00:07"]

1. d4 d5 2. c4 c6 3. e3 Nf6 4. Bd3 e6 5. Nd2 Nbd7 6. Ngf3 Bd6 7. O-O O-O 8. e4 dxe4 9. Nxe4 Nxe4 10. Bxe4 Nf6 11. Bc2 h6 12. b3 Qe7 13. Qe2 b6 14. Bb2 Ba3 15. Bc3 Bb4 16. Bb2 Ba3 17. Bxa3 Qxa3 18. Rad1 Bb7 19. Bb1 Rad8 20. Ne5 c5 21. Qe3 cxd4 22. Rxd4 Qc5 23. Rfd1 Rxd4 24. Qxd4 Qxd4 25. Rxd4 Rc8 26. f3 Kf8 27. Nd7+ Ke7 28. Nxf6 gxf6 29. Kf2 f5 30. g3 Bc6 31. f4 Rd8 32. Ke3 a5 33. Rxd8 Kxd8 34. Kd4 Ke7 35. a3 Kd6 36. b4 axb4 37. axb4 f6 38. c5+ bxc5+ 39. bxc5+ Kd7 40. Ba2 Ke7 41. Bc4 Kd7 42. h3 Ke7 43. Kc3 Kd7 44. Kb4 e5 45. Bf7 Bg2 46. h4 e4 47. Kc4 Bh3 48. Kd4 Bg4 49. Bd5 Kc7 50. Be6 Bf3 51. Bxf5 Kc6 52. Bxe4+ Bxe4 53. Kxe4 Kxc5 54. Kf5 1-0


[Site "https://www.chess.com"]